 Dungeon Crawl Stone Soup version 0.29.1-12-g30fa7ad0bf (webtiles) character file.

Game seed: 6078586516708390615

341 wormed the Firebug (level 6, -4/41 HPs)
             Began as a Demonspawn Fire Elementalist on Dec 27, 2022.
             Slain by Crazy Yiuf
             ... wielding a +2 quarterstaff of chaos
              (7 damage)
             ... on level 3 of the Dungeon.
             The game lasted 00:11:28 (5572 turns).

wormed the Firebug (Demonspawn Fire Elementalist)   Turns: 5572, Time: 00:11:30

Health: -4/41      AC:  4    Str:  8    XL:     6   Next: 30%
Magic:  1/12       EV: 16    Int: 19    God:
Gold:   167        SH:  0    Dex: 17    Spells: 4/13 levels left

rFire   . . .      SeeInvis +   h - +0 whip
rCold   . . .      Faith    .   (no shield)
rNeg    + + .      Spirit   .   a - +0 robe
rPois   .          Reflect  .   (no helmet)
rElec   .          Harm     .   (no cloak)
rCorr   .          Rampage  .   u - +0 pair of gloves
Will    .....                   r - +0 pair of boots "Tuw Uqun" {rN++ Dex+4 SInv}
Stlth   ++........              (no amulet)
HPRegen 0.13/turn               g - ring of see invisible
MPRegen 0.13/turn               n - +4 ring of evasion

@: no status effects
A: hooves 1, demonic guardian 1
a: no special abilities


You were on level 3 of the Dungeon.
You visited 2 branches of the dungeon, and saw 6 of its levels.

You collected 167 gold pieces.

Inventory:

Hand Weapons
 h - a +0 whip (weapon)
Armour
 a - a +0 robe (worn)
 r - the +0 pair of boots "Tuw Uqun" (worn) {rN++ Dex+4 SInv}
   (You found it on level 3 of the Dungeon)

   Dex:       It affects your dexterity (+4).
   rN:        It greatly protects you from negative energy.
   SInv:      It lets you see invisible.
 u - a +0 pair of gloves (worn)
Jewellery
 g - a ring of see invisible (left hand)
 n - a +4 ring of evasion (right hand)
 o - an amulet of regeneration
Wands
 x - a wand of iceblast (8)
Scrolls
 c - 3 scrolls of teleportation {unknown}
 f - a scroll of enchant armour {unknown}
 i - 2 scrolls of blinking {unknown}
 j - 5 scrolls of identify {unknown}
 k - 3 scrolls of immolation {unknown}
 l - a scroll of poison {unknown}
 m - 2 scrolls of summoning {unknown}
Potions
 b - a potion of might
 d - a potion of cancellation {unknown}
 e - a potion of attraction {unknown}
 p - 2 potions of lignification {unknown}
 q - a potion of mutation {unknown}
 s - a potion of flight {unknown}
 t - a potion of degeneration {unknown}
 v - a potion of curing {unknown}
 w - a potion of heal wounds {unknown}


   Skills:
 - Level 2.0 Dodging
 - Level 2.0 Stealth
 - Level 4.0 Spellcasting
 - Level 1.0 Conjurations
 + Level 5.3 Fire Magic


You had 4 spell levels left.
You knew the following spells:

 Your Spells              Type           Power      Damage    Failure   Level
a - Foxfire               Conj/Fire      60%        2x1d7     3%          1
b - Scorch                Fire           48%        2d7       2%          2
c - Conjure Flame         Conj/Fire      15%        6-21      11%         3
d - Inner Flame           Hex/Fire       13%        N/A       14%         3

Your spell library contained the following spells:

 Spells                   Type           Power      Damage    Failure   Level
 Beastly Appendage        Tmut           6%         N/A       14%         1
 Ensorcelled Hibernation  Hex/Ice        6%         N/A       21%         2
 Passwall                 Tmut/Erth      2%         N/A       21%         2
 Wereblood                Tmut           3%         N/A       21%         2
 Flame Wave               Conj/Fire      15%        2d7       36%         4
 Ozocubu's Armour         Ice            3%         N/A       38%         3
 Spider Form              Tmut/Pois      3%         N/A       38%         3
 Swiftness                Air            3%         N/A       38%         3
 Tukima's Dance           Hex            3%         N/A       38%         3
 Passage of Golubria      Tloc           3%         N/A       80%         4
 Metabolic Englaciation   Hex/Ice        1%         N/A       98%         5
 Yara's Violent Unravell  Hex/Tmut       1%         3d3       98%         5
 Simulacrum               Ice/Necr       1%         N/A       100%        6


Dungeon Overview and Level Annotations

Branches:
Dungeon (5/15)             Temple (1/1) D:5

Altars:
Ashenzari
Cheibriados
Fedhas
Hepliaklqana
Kikubaaqudgha
Makhleb
Nemelex Xobeh
Okawaru
Sif Muna
Uskayaw
Wu Jian
Xom

Shops:
D:1 =

Annotations:
D:3 Crazy Yiuf
D:4 Pikel


Innate Abilities, Weirdness & Mutations

You have large cloven feet.
A weak demonic guardian rushes to your aid.


Message History

You see here a +0 hammer.
You open the door.
Casting: Conjure Flame (dangerous; 11% risk of failure)
Confirm with . or Enter, or press ? or * to list all spells.
The fire begins to smoulder!
Crazy Yiuf closely misses you.
Crazy Yiuf smothers the flame.
You see here a +0 hammer.
Casting: Conjure Flame (dangerous; 11% risk of failure)
Confirm with . or Enter, or press ? or * to list all spells.
The fire begins to smoulder!
Crazy Yiuf yells, "East!
Trifle ena ladder."
Crazy Yiuf hits you with a +2 quarterstaff of chaos!
You feel your power leaking away.
Crazy Yiuf hits you with a +2 quarterstaff of chaos.
Crazy Yiuf burns you.
You smother the flame.
Unknown command.
You see here a +1 hammer of distortion.
Casting: Conjure Flame (dangerous; 11% risk of failure)
Confirm with . or Enter, or press ? or * to list all spells.
You don't have enough magic to cast this spell.
Crazy Yiuf says, "Line!
Prologue Xom high."
You see here a +0 hammer.
You see here a +0 hammer.
Crazy Yiuf sings, "Trees, trees, trees, circus!"
You see here a +0 hammer.
You see here a +0 hammer.
You see here a +0 hammer.
Crazy Yiuf attacks as you move away!
Crazy Yiuf hits you with a +2 quarterstaff of chaos!
You resist with some effort.
You see here a +0 hammer.
Crazy Yiuf attacks as you move away! Crazy Yiuf completely misses you.
Aiming: Iceblast
Press: ? - help, Shift-Dir - straight line The mass of ice explodes!
The iceblast engulfs Crazy Yiuf!
Crazy Yiuf is heavily wounded.
Crazy Yiuf hits you with a +2 quarterstaff of chaos!
* * * LOW HITPOINT WARNING * * *
A demonic guardian appears!
You convulse!
You die...

#..# ### ♣♣)♣ ...#
#.# ♣♣)♣♣ #.###
#####.# ♣♣)))♣
#...###.....# ♣))♣)♣
#.#.##..##### #))))#
..........(.#####..##
..............##).5#
....##.######.##g.##
.#.....# #.##@##
..).#.#######.##.###
.##..(..##.........#
#####(......<......#
### ##.............#
..# #####.........#
..# #.......>.# ..#
#.........# .##
#####>.####


You could see Crazy Yiuf (ally target) and a friendly white imp (summoned).

Vanquished Creatures
  A phantom (D:5)
  A scorpion (D:5)
  Terence (D:2)
  Natasha (thrice) (D:2)
  Robin (D:4)
  2 adders
  2 worms
  3 orcs (D:3)
  5 ball pythons
  4 endoplasms
  A giant cockroach (D:1)
  12 goblins
  6 hobgoblins
  6 jackals
  6 quokkas
  7 bats
  A frilled lizard (D:2)
  4 kobolds
  6 rats
72 creatures vanquished.

Vanquished Creatures (collateral kills)
  A foxfire (D:4)
1 creature vanquished.

Vanquished Creatures (others)
  137 foxfires
137 creatures vanquished.

Grand Total: 210 creatures vanquished

Notes
Turn   | Place    | Note
-------+----------+-------------------------------------------
     0 | D:1      | wormed the Demonspawn Fire Elementalist began the quest for
                  | the Orb.
     0 | D:1      | Reached XP level 1. HP: 13/13 MP: 3/3
   514 | D:1      | Gained mutation: You have large cloven feet. [demonic
                  | ancestry]
   514 | D:1      | Reached XP level 2. HP: 19/19 MP: 3/5
   542 | D:1      | Found a faded altar of an unknown god.
   638 | D:1      | Found Ifaytrui's Jewellery Shop.
   683 | D:1      | Learned a level 2 spell: Scorch
   800 | D:2      | Noticed Terence
  1199 | D:1      | Reached skill level 3 in Fire Magic
  2080 | D:2      | Reached XP level 3. HP: 24/24 MP: 2/6
  2171 | D:2      | Killed Terence
  2492 | D:2      | Noticed Natasha
  2928 | D:2      | Killed Natasha
  2929 | D:2      | Reached XP level 4. HP: 22/30 MP: 2/8
  2929 | D:2      | Noticed Natasha
  3136 | D:2      | Killed Natasha
  3201 | D:2      | Noticed Natasha
  3207 | D:2      | Killed Natasha
  3208 | D:2      | Reached skill level 4 in Fire Magic
  3330 | D:3      | Found a runed translucent door.
  3331 | D:3      | Noticed Crazy Yiuf
  3376 | D:3      | Reached XP level 5. HP: 35/35 MP: 7/10
  3513 | D:3      | Identified the +0 pair of boots "Tuw Uqun" {rN++ Dex+4
                  | SInv}
  3916 | D:3      | You fall into a shaft and drop 2 floors!
  3916 | D:5      | Entered Level 5 of the Dungeon
  3961 | D:4      | Noticed Robin
  3982 | D:4      | Killed Robin
  4492 | D:4      | Found an ornate altar of the Wu Jian Council.
  4501 | D:4      | Noticed a lemure
  4502 | D:4      | Noticed a lemure
  4503 | D:4      | Noticed a lemure
  4504 | D:4      | Noticed a lemure
  4504 | D:4      | Noticed Pikel
  4527 | D:5      | Found a staircase to the Ecumenical Temple.
  4542 | Temple   | Entered the Ecumenical Temple
  4542 | Temple   | Found a transporter.
  4542 | Temple   | Found a transporter.
  4544 | Temple   | Found a transporter.
  4544 | Temple   | Found a transporter.
  4583 | D:5      | Noticed a phantom
  4590 | D:5      | Killed a phantom
  4591 | D:5      | Gained mutation: A weak demonic guardian rushes to your
                  | aid. [demonic ancestry]
  4591 | D:5      | Reached XP level 6. HP: 41/41 MP: 2/12
  4602 | D:5      | Reached skill level 5 in Fire Magic
  5356 | D:3      | Found a hazy altar of Hepliaklqana.
  5427 | D:3      | Learned a level 3 spell: Conjure Flame
  5431 | D:3      | Learned a level 3 spell: Inner Flame
  5572 | D:3      | Slain by Crazy Yiuf

Illustrated notes

Levels and vault maps discovered:
D:1:      lemuel_arrival_tunnels, layout_rooms, serial_shops,
          nicolae_shop_advertising_works [nicolae_subvault_shop_adworks],
          ebering_ecumenical_altar_mist
D:2:      layout_rooms, uniq_terence, uniq_natasha
D:3:      layout_rooms, nzn_hepliaklqana_mist_gate, st_stairs_13,
          uniq_crazy_yiuf_cottage
D:4:      cheibrodos_quashed, layout_loops_ring, mainiacjoe_overflow_boulevard,
          chequers_temple_overflow_statue_of_worship, uniq_pikel, uniq_robin
D:5:      layout_loops_cross, grunt_temple_overflow_open,
          minmay_temple_entry_wispy, serial_co_window_serial,
          co_window_corner_a, co_window_corner_a, co_window_paths_a,
          co_window_paths_b, co_window_corner_a, co_window_of_opportunity_c,
          co_window_2corner, co_window_paths_c, co_window_2corner,
          glass_columns_b, glass_columns_a
Temple:   hellmonk_temple_divided_pantheon

Skill      XL: |  1  2  3  4  5  6 |
---------------+-------------------+-----
Stealth        | 2 |  2.0
Dodging        | 2 |  2.0
Fire Magic     | 3 4 5 |  5.3
Spellcasting   | 3 4 |  4.0
Conjurations   | |  1.0

Action                   |  1- 3 |  4- 6 || total
-------------------------+-------+-------++-------
Melee: Whip              |    23 |    41 ||    64
       Kick              |     5 |       ||     5
       Punch             |       |     1 ||     1
 Cast: Foxfire           |    41 |    40 ||    81
       Scorch            |    17 |    29 ||    46
       Conjure Flame     |       |     3 ||     3
Evoke: Wand              |       |     1 ||     1
  Use: Potion            |     1 |     1 ||     2
Armor: Robe              |     7 |    13 ||    20
Dodge: Dodged            |    49 |    40 ||    89
